AoeStats
← DesertFox

Arabia

510645821Analyzed
1v1 RM · 2d ago on Oct 2, 2026· 25m 41s· 2 players
Game mode
Random Map
Map size
Tiny (2 player)
Population
200
Speed
Normal
Resources
Standard
Victory
Conquest
Starting age
Dark Age
Ending age
Imperial Age
RankedLock teamsTeams togetherTeam positionsShared explorationLock speedFull tech treeHidden civsTurbo modeCheats
Victory
Defeat
🇺🇸 Chinese · United States
1110
+15
🇲🇽 Saxons · Mexico
1099
-15
Liv carlosa
8:22 Loom
10:25 Feudal Age
11:22 Double-Bit Axe
11:45 Horse Collar
12:40 Bloodlines
16:50 Scale Mail Armor
16:58 Scale Barding Armor
18:11 Gold Mining
23:03 Castle Age
23:45 Wheelbarrow
23:47 Husbandry
25:11 Scale Mail Armor
25:30 Forging
DesertFox
0:28 Loom
10:00 Feudal Age
10:46 Double-Bit Axe
11:45 Horse Collar
21:58 Castle Age
20:23 Fletching
20:35 Padded Archer Armor
22:47 Bodkin Arrow
22:15 Crossbowman
23:48 Wheelbarrow
23:25 Thumb Ring
23:41 Leather Archer Armor
24:15 Wheelbarrow
Connection lost

Rejoining the realm…

Still unreachable

The connection could not be restored.

Session expired

The server has moved on; the page needs a fresh start.